 Dungeon Crawl Stone Soup version 0.29.0-15-g675c0067aa (webtiles) character file.

Game seed: 16087945267440402463

89962 qw the Warrior (level 15, 1/1 (149) HPs)
             Began as a Minotaur Berserker on Sept 12, 2022.
             Was a Priest of Trog.
             Tarried too long and was consumed by Zot
             ... on level 1 of the Orcish Mines.
             The game lasted 00:41:55 (37982 turns).

qw the Warrior (Minotaur Berserker)                Turns: 37982, Time: 00:41:56

HP:   1/1 (149)     AC: 28    Str: 29    XL:     15   Next: 50%
MP:   14/14         EV:  8    Int:  6    God:    Trog [***...]
Gold: 415           SH: 22    Dex: 10    Spells: 14/14 levels left

rFire   . . .      SeeInvis +   Y - +5 broad axe (drain)
rCold   . . .      Faith    .   v - +0 tower shield
rNeg    . . .      Spirit   .   m - +0 plate armour
rPois   +          Reflect  +   f - +2 hat {Will+}
rElec   .          Harm     .   r - +0 cloak {rPois}
rCorr   +          Rampage  .   e - +2 pair of gloves
Will    ++...                   (no boots)
Stlth   ..........              g - amulet of reflection
HPRegen 0.01/turn               o - ring of see invisible
MPRegen 0.14/turn               c - ring of the Empty Page {rCorr AC+4 Int+2}

@: extremely drained, bezotted and risking death
A: horns 2, retaliatory headbutt
a: Renounce Religion, Berserk, Trog's Hand


You were on level 1 of the Orcish Mines.
You worshipped Trog.
Trog was most pleased with you.
You visited 3 branches of the dungeon, and saw 22 of its levels.

You collected 2040 gold pieces.
You spent 1625 gold pieces at shops.


Innate Abilities, Weirdness & Mutations

You have a pair of horns on your head.
You reflexively headbutt those who attack you in melee.


   Skills:
 - Level 18.0 Fighting
 - Level 17.0 Axes
 - Level 4.1 Throwing
 - Level 15.8 Armour
 - Level 7.0 Dodging
 + Level 14.6 Shields


You had 14 spell levels left.
You didn't know any spells.
Your spell library was empty.

Inventory:

Hand Weapons
 i - a +2 eveningstar of draining
 Y - a +5 broad axe of draining (weapon)
Missiles
 l - a javelin (quivered)
 p - 11 boomerangs
Armour
 e - a +2 pair of gloves (worn)
 f - a +2 hat of willpower (worn)
 m - a +0 plate armour (worn)
 r - a +0 cloak of poison resistance (worn)
 v - a +0 tower shield (worn)
Jewellery
 a - a ring of fire
 c - the ring of the Empty Page (right hand) {rCorr AC+4 Int+2}
   (You found it on level 7 of the Dungeon)

   [ring of protection]

   AC:        It affects your AC (+4).
   Int:       It affects your intelligence (+2).
   rCorr:     It protects you from acid and corrosion.
 g - an amulet of reflection (around neck)
 o - a ring of see invisible (left hand)
 q - a +4 ring of evasion
 u - a ring of protection from fire
Scrolls
 j - a scroll of identify
 s - 7 scrolls of teleportation
Potions
 b - 4 potions of might
 d - 2 potions of resistance
 h - 13 potions of curing
 k - 4 potions of mutation
 n - a potion of magic {unknown}

Dungeon Overview and Level Annotations

Branches:
Dungeon (15/15) Temple (0/1) D:5 Lair (5/5) D:10 Swamp (0/4) Lair:2 Spider (0/4) Lair:3 Slime (0/5) Lair:4 Orc (2/2) D:11 Zot: 0! Vaults (0/5) D:13 Depths (0/4) D:15 Elf: Orc:2 You are so drained that the power of Zot will kill you!

Altars:
Dithmenos
Fedhas
Gozag
Makhleb
Nemelex Xobeh
Qazlal
Trog
Vehumet
Xom
Yredelemnul
Zin
Jiyva

Shops:
D:1 (   D:11 =   D:12 ([((   D:15 (==   Orc:1 *

Annotations:
D:4 1 runed translucent door, qw's ghost, weakling GrDe
D:11 2 transporters, Xaxieg's ghost, journeyman GnSk
Lair:1 1 runed translucent door, qw's ghost, journeyman MiBe


Message History

What level of the Orcish Mines? (default 1, ? - help)
You climb downwards.
There is a stone staircase leading up here.
(D) Dungeon (T) Temple (L) Lair (S) Swamp (N) Spider Nest (M) Slime Pits (O) Orcish Mines (V) Vaults (U) Depths
Where to? (* - list waypoints, Enter - Orc:2, ? - help)
What level of the Orcish Mines? (default 1, ? - help)
You climb upwards.
There is a stone staircase leading down here.
Done exploring.
(D) Dungeon (T) Temple (L) Lair (S) Swamp (N) Spider Nest (M) Slime Pits (O) Orcish Mines (V) Vaults (U) Depths
Where to? (* - list waypoints, Enter - Orc:1, ? - help)
What level of the Orcish Mines? (default 1, ? - help)
You climb downwards.
There is a stone staircase leading up here.
(D) Dungeon (T) Temple (L) Lair (S) Swamp (N) Spider Nest (M) Slime Pits (O) Orcish Mines (V) Vaults (U) Depths
Where to? (* - list waypoints, Enter - Orc:2, ? - help)
What level of the Orcish Mines? (default 1, ? - help)
You climb upwards.
There is a stone staircase leading down here.
Done exploring.
(D) Dungeon (T) Temple (L) Lair (S) Swamp (N) Spider Nest (M) Slime Pits (O) Orcish Mines (V) Vaults (U) Depths
Where to? (* - list waypoints, Enter - Orc:1, ? - help)
What level of the Orcish Mines? (default 1, ? - help)
You climb downwards.
There is a stone staircase leading up here.
(D) Dungeon (T) Temple (L) Lair (S) Swamp (N) Spider Nest (M) Slime Pits (O) Orcish Mines (V) Vaults (U) Depths
Where to? (* - list waypoints, Enter - Orc:2, ? - help)
What level of the Orcish Mines? (default 1, ? - help)
You climb upwards.
Zot unmakes you!
You die...

#...#....#.###......###
#####......#...#........##
##.#......####........#.#.##
#.........###........###...#
#....##..###..........#.#.##
##.###...##................##
####......#................#
##...[......))..........##
#...)......[@..........##
#..........[)).[........###
#####.#...........[.##.......##
##.##.....#..##.....[.#))......#
#........######.......).)...#.###
##.##..####.###.........[..#....#
####### #...##.......#...###....
##..........###.####.#.#
##......#.## ### #...##


There were no monsters in sight!

Vanquished Creatures
  2 orc warlords (Orc:1)
  A dire elephant (D:15)
  Fannar (D:10)
  8 hydras
  Harold (Orc:1)
  A boulder beetle (D:12)
  2 catoblepae (Lair:5)
  5 centaur warriors
  2 ogre magi (D:15)
  10 two-headed ogres
  3 death yaks (Lair:3)
  Urug (D:12)
  A deep elf knight (D:13)
  Sonja (Lair:3)
  Amaemon (D:10)
  A skeletal warrior (D:13)
  A goliath frog (Lair:5)
  A wizard (D:14)
  4 deep elf pyromancers
  4 orc knights
  2 deep elf zephyrmancers (D:13)
  9 ugly things
  4 manticores
  2 orc sorcerers
  6 cyclopes
  3 elephants (Lair:3)
  Maurice (D:10)
  5 black mambas
  An orange demon (D:10)
  A gargoyle (D:12)
  A naga mage (D:15)
  18 cane toads
  2 yaktaurs (D:13)
  Maggie (D:6)
  A kobold demonologist (D:13)
  An unseen horror (D:11)
  3 rime drakes
  4 centaur skeletons (D:13)
  7 komodo dragons
  9 trolls
  A meliai (Lair:3)
  3 polar bears
  Prince Ribbit (Lair:3)
  12 slime creatures
  25 blink frogs
  3 tyrant leeches (Lair:5)
  4 shadows
  2 centaur simulacra
  50 yaks
  4 wyverns
  A water elemental (D:15)
  3 wraiths
  A human (D:11)
  2 steam dragons
  23 vampire mosquitoes
  2 basilisks
  8 wargs
  2 acid dragons
  6 water moccasins
  5 sky beasts
  21 orc warriors
  2 ice beasts
  11 ogres
  14 wolves
  9 centaurs
  3 phantoms
  3 kobold brigands (D:13)
  11 bullfrogs
  A gnoll sergeant (D:12)
  7 scorpions
  A necrophage (D:7)
  8 wights
  24 killer bees
  5 electric eels
  6 howler monkeys
  12 hounds
  9 jellies
  17 orc priests
  3 iguanas
  18 orc wizards
  3 gnolls (D:12)
  6 adders
  A shadow imp (D:6)
  2 white imps (D:6)
  A worm (D:4)
  2 dart slugs
  66 orcs
  5 ball pythons
  19 endoplasms
  5 giant cockroaches
  4 hobgoblins
  9 jackals
  7 quokkas
  6 bats
  5 frilled lizards (D:1)
  8 goblins
  11 kobolds
  4 rats
639 creatures vanquished.

Vanquished Creatures (collateral kills)
  Gastronok (D:10)
  A hydra (D:13)
  A troll (D:10)
  A blink frog (Lair:5)
  A water moccasin (Lair:1)
  2 wolves
  A bullfrog (Lair:1)
  An electric eel (D:10)
9 creatures vanquished.

Vanquished Creatures (others)
  A yak (Lair:5)
  An orc wizard (D:12)
  A bush (Lair:5)
  39 fungi
  95 plants
  9 toadstools
146 creatures vanquished.

Grand Total: 794 creatures vanquished

Notes
Turn   | Place    | Note
-------+----------+-------------------------------------------
     0 | D:1      | qw the Minotaur Berserker began the quest for the Orb.
     0 | D:1      | Reached XP level 1. HP: 19/19 MP: 0/0
     0 | D:1      | 0 ||| qw: Version: 0.1-a-119-g272c26d
     0 | D:1      | 0 ||| qw: Game counter: 10963
     0 | D:1      | 0 ||| qw: Always use a shield: true
     0 | D:1      | 0 ||| qw: Do Orc after D:15 true
     0 | D:1      | 0 ||| qw: Do second Lair branch before Depths: true
     0 | D:1      | 0 ||| qw: Lair rune preference: random
     0 | D:1      | 0 ||| qw: Plans: Normal
     0 | D:1      | 0 ||| PLANNING D:1-11
    92 | D:1      | 92 ||| Stepping ~*~*~tactically~*~*~ (stealth).
   182 | D:1      | Reached XP level 2. HP: 26/26 MP: 1/1
   186 | D:1      | Found Datt's Weapon Shoppe.
   267 | D:1      | 267 ||| BUYING +0 mace (30 gold).
   267 | D:1      | Bought a +0 mace for 30 gold pieces
   267 | D:1      | 267 ||| SHOPLISTING +4 mace of the Puffin {vorpal, rElec
                  | rC+ Dex+3} (518 gold, have 33).
   267 | D:1      | 267 ||| DROPPING +0 club.
   336 | D:1      | Found a faded altar of an unknown god.
   343 | D:1      | 343 ||| Stepping ~*~*~tactically~*~*~ (stealth).
   566 | D:1      | 566 ||| Stepping ~*~*~tactically~*~*~ (stealth).
   723 | D:1      | 723 ||| Stepping ~*~*~tactically~*~*~ (stealth).
   967 | D:1      | Reached XP level 3. HP: 29/31 MP: 2/2
   991 | D:1      | 991 ||| UPGRADING to +0 chain mail.
  1001 | D:1      | 1001 ||| DROPPING +0 animal skin.
  1002 | D:1      | 1002 ||| READING scroll labelled ZIUXTILISU.
  1003 | D:1      | 1003 ||| READING scroll labelled FIRHA CUTTAO.
  1004 | D:1      | 1004 ||| Stepping randomly (stuck).
  1005 | D:1      | 1005 ||| Stepping ~*~*~tactically~*~*~ (cloud).
  1321 | D:2      | 1321 ||| Stepping ~*~*~tactically~*~*~ (stealth).
  1322 | D:2      | 1322 ||| Stepping ~*~*~tactically~*~*~ (stealth).
  1330 | D:2      | Reached ** piety under Trog
  1342 | D:2      | 1342 ||| Stepping ~*~*~tactically~*~*~ (stealth).
  1355 | D:2      | 1355 ||| Stepping ~*~*~tactically~*~*~ (stealth).
  1356 | D:2      | 1356 ||| Stepping ~*~*~tactically~*~*~ (stealth).
  1754 | D:2      | 1754 ||| READING scroll labelled MYSEGA OTHRIPICK.
  1755 | D:2      | 1755 ||| READING scroll labelled MEUSAU ECIDO.
  1769 | D:3      | 1769 ||| Stepping ~*~*~tactically~*~*~ (hiding).
  1977 | D:3      | Reached XP level 4. HP: 39/39 MP: 3/3
  2004 | D:3      | Reached skill level 6 in Axes
  2197 | D:3      | Found a blossoming altar of Fedhas.
  2635 | D:3      | Found a sparkling altar of Nemelex Xobeh.
  2700 | D:3      | 2700 ||| UPGRADING to +2 pair of gloves.
  2705 | D:3      | 2705 ||| DRINKING 2 clear potions.
  2706 | D:3      | 2706 ||| DRINKING 2 dark potions.
  2738 | D:4      | Noticed an ice beast
  2743 | D:4      | 2743 ||| INVOKING Berserk.
  2747 | D:4      | Killed an ice beast
  2748 | D:4      | Reached XP level 5. HP: 45/45 MP: 4/4
  2818 | D:4      | 2818 ||| Stepping ~*~*~tactically~*~*~ (stealth).
  2819 | D:4      | 2819 ||| Stepping ~*~*~tactically~*~*~ (stealth).
  2827 | D:4      | 2827 ||| Stepping ~*~*~tactically~*~*~ (stealth).
  2837 | D:4      | Reached skill level 4 in Fighting
  2837 | D:4      | 2837 ||| FLEEEEING.
  2838 | D:4      | 2838 ||| FLEEEEING.
  2839 | D:4      | 2839 ||| FLEEEEING.
  2840 | D:4      | 2840 ||| FLEEEEING.
  2841 | D:4      | 2841 ||| FLEEEEING.
  2842 | D:4      | 2842 ||| FLEEEEING.
  2843 | D:4      | 2843 ||| FLEEEEING.
  2844 | D:4      | 2844 ||| FLEEEEING.
  2845 | D:4      | 2845 ||| FLEEEEING.
  2846 | D:4      | 2846 ||| FLEEEEING.
  2847 | D:4      | 2847 ||| FLEEEEING.
  2848 | D:4      | 2848 ||| FLEEEEING.
  2849 | D:4      | 2849 ||| FLEEEEING.
  2850 | D:4      | 2850 ||| FLEEEEING.
  2851 | D:4      | 2851 ||| FLEEEEING.
  2852 | D:4      | 2852 ||| FLEEEEING.
  2853 | D:4      | 2853 ||| FLEEEEING.
  2854 | D:4      | 2854 ||| FLEEEEING.
  2855 | D:4      | 2855 ||| FLEEEEING.
  2856 | D:4      | 2856 ||| FLEEEEING.
  2857 | D:4      | 2857 ||| FLEEEEING.
  2858 | D:4      | 2858 ||| FLEEEEING.
  2859 | D:4      | 2859 ||| FLEEEEING.
  2860 | D:4      | 2860 ||| FLEEEEING.
  2861 | D:4      | 2861 ||| FLEEEEING.
  2862 | D:4      | 2862 ||| FLEEEEING.
  2863 | D:4      | 2863 ||| FLEEEEING.
  2864 | D:4      | 2864 ||| FLEEEEING.
  2865 | D:4      | 2865 ||| FLEEEEING.
  2866 | D:4      | 2866 ||| FLEEEEING.
  2867 | D:4      | 2867 ||| FLEEEEING.
  2868 | D:4      | 2868 ||| FLEEEEING.
  2869 | D:4      | 2869 ||| FLEEEEING.
  2870 | D:4      | 2870 ||| FLEEEEING.
  2871 | D:4      | 2871 ||| FLEEEEING.
  2872 | D:4      | 2872 ||| STAIRDANCE
  2957 | D:4      | 2957 ||| READING scroll of enchant weapon.
  2957 | D:4      | 2957 ||| ENCHANTING +1 hand axe.
  3204 | D:4      | 3204 ||| Stepping ~*~*~tactically~*~*~ (stealth).
  3218 | D:4      | Reached XP level 6. HP: 50/52 MP: 5/5
  3250 | D:4      | Found a runed translucent door.
  3379 | D:4      | Reached *** piety under Trog
  3596 | D:4      | Found a glowing silver altar of Zin.
  3599 | D:4      | Found a radiant altar of Vehumet.
  3603 | D:4      | Found an opulent altar of Gozag.
  3630 | D:4      | Noticed qw's ghost (weakling GrDe)
  3632 | D:4      | 3632 ||| DRINKING 2 inky potions.
  3633 | D:4      | 3633 ||| DROPPING potion of flight.
  3660 | D:5      | Entered Level 5 of the Dungeon
  3673 | D:5      | 3673 ||| STAIRDANCE
  3778 | D:5      | 3778 ||| Stepping ~*~*~tactically~*~*~ (stealth).
  3780 | D:5      | 3780 ||| Stepping ~*~*~tactically~*~*~ (stealth).
  3781 | D:5      | 3781 ||| Stepping ~*~*~tactically~*~*~ (stealth).
  3783 | D:5      | 3783 ||| Stepping ~*~*~tactically~*~*~ (stealth).
  3789 | D:5      | 3789 ||| FLEEEEING.
  3790 | D:5      | 3790 ||| FLEEEEING.
  3791 | D:5      | 3791 ||| FLEEEEING.
  3792 | D:5      | 3792 ||| FLEEEEING.
  3793 | D:5      | 3793 ||| FLEEEEING.
  3794 | D:5      | 3794 ||| FLEEEEING.
  3795 | D:5      | 3795 ||| STAIRDANCE
  3874 | D:5      | 3874 ||| STAIRDANCE
  3937 | D:5      | Reached skill level 9 in Axes
  4089 | D:5      | 4089 ||| Stepping ~*~*~tactically~*~*~ (stealth).
  4097 | D:5      | Reached XP level 7. HP: 58/59 MP: 6/6
  4145 | D:5      | Found a staircase to the Ecumenical Temple.
  4173 | D:5      | Reached skill level 3 in Armour
  4300 | D:5      | Reached skill level 5 in Fighting
  4463 | D:5      | 4463 ||| DROPPING +0 mace.
  4639 | D:5      | 4639 ||| UPGRADING to +0 plate armour.
  4649 | D:5      | 4649 ||| DROPPING +0 chain mail.
  4650 | D:5      | 4650 ||| UPGRADING to amulet of guardian spirit.
  4655 | D:5      | 4655 ||| UPGRADING to +6 ring of dexterity.
  4656 | D:5      | 4656 ||| READING scroll labelled VIEJYTIUSI.
  4681 | D:6      | 4681 ||| Stepping ~*~*~tactically~*~*~ (stealth).
  4699 | D:6      | 4699 ||| Stepping ~*~*~tactically~*~*~ (stealth).
  4700 | D:6      | 4700 ||| Stepping ~*~*~tactically~*~*~ (stealth).
  4703 | D:6      | 4703 ||| Stepping ~*~*~tactically~*~*~ (hiding).
  4710 | D:6      | 4710 ||| Stepping ~*~*~tactically~*~*~ (stealth).
  4711 | D:6      | 4711 ||| DRINKING 2 potions of curing.
  4711 | D:6      | 4711 ||| (to cure confusion)
  4714 | D:6      | 4714 ||| Stepping ~*~*~tactically~*~*~ (stealth).
  4749 | D:6      | Noticed a komodo dragon
  4750 | D:6      | 4750 ||| INVOKING Berserk.
  4758 | D:6      | Killed a komodo dragon
  4759 | D:6      | Reached skill level 7 in Fighting
  4759 | D:6      | Reached XP level 8. HP: 73/73 MP: 5/7
  4816 | D:6      | Found a shadowy altar of Dithmenos.
  4902 | D:6      | Noticed Maggie
  4919 | D:6      | HP: 14/65 [Maggie/+2 halberd of draining (8)]
  4920 | D:6      | 4920 ||| DRINKING 2 potions of heal wounds.
  4925 | D:6      | 4925 ||| INVOKING Berserk.
  4926 | D:6      | HP: 19/87 [Maggie/bolt of fire (8)]
  4927 | D:6      | Killed Maggie
  5277 | D:6      | 5277 ||| Stepping ~*~*~tactically~*~*~ (hiding).
  5279 | D:6      | 5279 ||| Stepping ~*~*~tactically~*~*~ (hiding).
  5280 | D:6      | 5280 ||| Stepping ~*~*~tactically~*~*~ (hiding).
  5339 | D:6      | 5339 ||| INVOKING Berserk.
  5399 | D:6      | 5399 ||| FLEEEEING.
  5400 | D:6      | 5400 ||| FLEEEEING.
  5401 | D:6      | 5401 ||| FLEEEEING.
  5402 | D:6      | 5402 ||| FLEEEEING.
  5419 | D:6      | 5419 ||| FLEEEEING.
  5420 | D:6      | 5420 ||| FLEEEEING.
  5421 | D:6      | 5421 ||| FLEEEEING.
  5433 | D:6      | Reached skill level 12 in Axes
  5433 | D:6      | Reached XP level 9. HP: 67/79 MP: 8/8
  5515 | D:6      | 5515 ||| Stepping ~*~*~tactically~*~*~ (stealth).
  5527 | D:6      | Reached skill level 3 in Dodging
  5532 | D:6      | 5532 ||| INVOKING Berserk.
  5534 | D:6      | Reached skill level 6 in Armour
  5890 | D:6      | 5890 ||| Stepping ~*~*~tactically~*~*~ (hiding).
  6087 | D:6      | 6087 ||| INVOKING Berserk.
  6102 | D:6      | Reached skill level 8 in Fighting
  6108 | D:6      | Reached **** piety under Trog
  6369 | D:6      | 6369 ||| DROPPING +3 whip.
  6515 | D:6      | 6515 ||| READING scroll labelled ZOUMESA PIXASH.
  6519 | D:6      | 6519 ||| READING scroll labelled OPIZEE EWNUO.
  6520 | D:6      | 6520 ||| READING scroll labelled RIEDWI UTUHIU.
  6547 | D:7      | Identified the ring of the Empty Page {rCorr AC+4 Int+2}
  6791 | D:7      | 6791 ||| INVOKING Berserk.
  6926 | D:7      | 6926 ||| Stepping ~*~*~tactically~*~*~ (hiding).
  7061 | D:7      | Reached XP level 10. HP: 88/88 MP: 9/9
  7496 | D:7      | 7496 ||| UPGRADING to ring of the Empty Page {rCorr AC+4
                  | Int+2}.
  7497 | D:7      | 7497 ||| UPGRADING to ring of see invisible.
  7499 | D:7      | 7499 ||| READING 2 scrolls labelled OBBUAS NULIS.
  7500 | D:7      | 7500 ||| READING scroll labelled POLOITI BOEB.
  7501 | D:7      | 7501 ||| DROPPING scroll of amnesia.
  7543 | D:8      | 7543 ||| SWAPPING to +0 war axe.
  7552 | D:8      | 7552 ||| DROPPING +2 hand axe.
  7581 | D:8      | 7581 ||| FLEEEEING.
  7582 | D:8      | 7582 ||| FLEEEEING.
  7583 | D:8      | 7583 ||| FLEEEEING.
  7584 | D:8      | 7584 ||| FLEEEEING.
  7585 | D:8      | 7585 ||| FLEEEEING.
  7586 | D:8      | 7586 ||| FLEEEEING.
  7587 | D:8      | 7587 ||| FLEEEEING.
  7588 | D:8      | 7588 ||| Stepping ~*~*~tactically~*~*~ (hiding).
  7590 | D:8      | 7590 ||| Stepping ~*~*~tactically~*~*~ (hiding).
  7611 | D:8      | 7611 ||| INVOKING Berserk.
  7930 | D:8      | Found a shimmering altar of Xom.
  7931 | D:8      | Found a bloodstained altar of Trog.
  8130 | D:8      | 8130 ||| READING 3 scrolls labelled MOFACKUICK.
  8131 | D:8      | 8131 ||| READING 2 scrolls of identify.
  8131 | D:8      | 8131 ||| IDENTIFYING fizzy blue potion
  8132 | D:8      | 8132 ||| DROPPING 2 scrolls of blinking.
  8201 | D:9      | 8201 ||| Stepping ~*~*~tactically~*~*~ (stealth).
  8275 | D:9      | 8275 ||| Stepping ~*~*~tactically~*~*~ (stealth).
  8277 | D:9      | 8277 ||| Stepping ~*~*~tactically~*~*~ (hiding).
  8278 | D:9      | 8278 ||| Stepping ~*~*~tactically~*~*~ (hiding).
  8282 | D:9      | 8282 ||| INVOKING Berserk.
  8301 | D:9      | Noticed a two-headed ogre
  8307 | D:9      | Killed a two-headed ogre
  8308 | D:9      | Reached skill level 15 in Axes
  8597 | D:9      | 8597 ||| READING scroll of enchant weapon.
  8597 | D:9      | 8597 ||| ENCHANTING +0 war axe.
  8671 | D:9      | Reached skill level 1 in Throwing
  8673 | D:9      | Reached skill level 9 in Fighting
  8692 | D:9      | 8692 ||| INVOKING Berserk.
  8721 | D:9      | 8721 ||| Stepping ~*~*~tactically~*~*~ (stealth).
  8724 | D:9      | 8724 ||| Stepping ~*~*~tactically~*~*~ (stealth).
  8835 | D:9      | 8835 ||| Stepping ~*~*~tactically~*~*~ (stealth).
  8839 | D:9      | 8839 ||| Stepping ~*~*~tactically~*~*~ (hiding).
  8849 | D:9      | 8849 ||| INVOKING Berserk.
  9250 | D:9      | 9250 ||| Stepping ~*~*~tactically~*~*~ (stealth).
  9479 | D:9      | 9479 ||| Stepping ~*~*~tactically~*~*~ (stealth).
  9480 | D:9      | 9480 ||| Stepping ~*~*~tactically~*~*~ (stealth).
  9606 | D:9      | 9606 ||| READING scroll labelled DIJEGU PUFFI.
  9628 | D:10     | Entered Level 10 of the Dungeon
  9638 | D:10     | Noticed Fannar
  9647 | D:10     | 9647 ||| INVOKING Berserk.
  9654 | D:10     | Reached XP level 11. HP: 94/99 MP: 6/10
  9656 | D:10     | Killed Fannar
  9657 | D:10     | Reached skill level 10 in Fighting
  9671 | D:10     | 9671 ||| Stepping ~*~*~tactically~*~*~ (stealth).
  9672 | D:10     | 9672 ||| Stepping ~*~*~tactically~*~*~ (stealth).
  9694 | D:10     | 9694 ||| Stepping ~*~*~tactically~*~*~ (stealth).
  9712 | D:10     | 9712 ||| Stepping ~*~*~tactically~*~*~ (stealth).
 10005 | D:10     | Reached ***** piety under Trog
 10022 | D:10     | Noticed a two-headed ogre
 10029 | D:10     | Reached skill level 9 in Armour
 10030 | D:10     | 10030 ||| INVOKING Berserk.
 10036 | D:10     | Killed a two-headed ogre
 10037 | D:10     | Reached skill level 11 in Fighting
 10038 | D:10     | Found a staircase to the Lair.
 10038 | D:10     | Noticed Maurice
 10039 | D:10     | Noticed Gastronok
 10048 | D:10     | 10048 ||| INVOKING Brothers in Arms.
 10051 | D:10     | HP: 25/102 [troll (9)]
 10052 | D:10     | 10052 ||| READING scroll of teleportation.
 10053 | D:10     | 10053 ||| DRINKING 3 potions of heal wounds.
 10054 | D:10     | 10054 ||| DRINKING 2 potions of heal wounds.
 10070 | D:10     | Killed Gastronok
 10072 | D:10     | Killed Maurice
 10099 | D:10     | 10099 ||| FLEEEEING.
 10102 | D:10     | 10102 ||| INVOKING Berserk.
 10110 | D:10     | HP: 25/102 [electric eel/bolt of electricity (9)]
 10111 | D:10     | 10111 ||| FLEEEEING.
 10112 | D:10     | 10112 ||| DRINKING potion of heal wounds.
 10113 | D:10     | 10113 ||| FLEEEEING.
 10114 | D:10     | 10114 ||| FLEEEEING.
 10488 | D:10     | Found a stormy altar of Qazlal.
 10491 | D:10     | 10491 ||| Stepping ~*~*~tactically~*~*~ (stealth).
 10705 | D:10     | Noticed Amaemon
 10708 | D:10     | 10708 ||| INVOKING Berserk.
 10717 | D:10     | Killed Amaemon
 10718 | D:10     | Reached skill level 12 in Fighting
 10824 | D:10     | 10824 ||| DROPPING +0 morningstar.
 11035 | D:10     | 11035 ||| PLANNING LAIR
 11035 | D:10     | 11035 ||| UPGRADING to +1 hat of willpower.
 11040 | D:10     | 11040 ||| UPGRADING to +0 cloak of poison resistance.
 11045 | D:10     | 11045 ||| DRINKING 3 glowing clear potions.
 11149 | D:10     | 11149 ||| DRINKING 3 yellow potions.
 11150 | D:10     | 11150 ||| READING 2 scrolls of identify.
 11150 | D:10     | 11150 ||| IDENTIFYING silvery potion
 11151 | D:10     | 11151 ||| DROPPING 2 potions of berserk rage.
 11152 | D:10     | 11152 ||| DROPPING 2 potions of invisibility.
 11198 | Lair:1   | Entered Level 1 of the Lair of Beasts
 11198 | Lair:1   | Noticed a seven-headed hydra
 11199 | Lair:1   | 11199 ||| INVOKING Brothers in Arms.
 11201 | Lair:1   | 11201 ||| SWAPPING to +0 demon whip of venom.
 11202 | Lair:1   | 11202 ||| INVOKING Berserk.
 11206 | Lair:1   | Killed a seven-headed hydra
 11229 | Lair:1   | Reached skill level 13 in Fighting
 11233 | Lair:1   | 11233 ||| SWAPPING to +1 war axe.
 11344 | Lair:1   | 11344 ||| INVOKING Berserk.
 11539 | Lair:1   | Found a runed translucent door.
 11639 | Lair:1   | Reached XP level 12. HP: 89/115 MP: 8/11
 11914 | Lair:1   | Noticed qw's ghost (journeyman MiBe)
 11980 | Lair:1   | 11980 ||| DROPPING +1 pair of gloves.
 11981 | Lair:1   | 11981 ||| READING scroll labelled DODONAXKAU.
 11982 | Lair:1   | 11982 ||| READING 3 scrolls of identify.
 11982 | Lair:1   | 11982 ||| IDENTIFYING brown potion
 11983 | Lair:1   | 11983 ||| READING 2 scrolls of identify.
 11983 | Lair:1   | 11983 ||| IDENTIFYING fuming golden potion
 11984 | Lair:1   | 11984 ||| DROPPING potion of attraction.
 11985 | Lair:1   | 11985 ||| DROPPING potion of degeneration.
 12000 | Lair:2   | Found a basalt altar of Yredelemnul.
 12031 | Lair:2   | 12031 ||| Stepping ~*~*~tactically~*~*~ (stealth).
 12032 | Lair:2   | Found a staircase to the Swamp.
 12265 | Lair:2   | 12265 ||| Stepping ~*~*~tactically~*~*~ (stealth).
 12275 | Lair:2   | 12275 ||| Stepping ~*~*~tactically~*~*~ (hiding).
 12276 | Lair:2   | 12276 ||| Stepping ~*~*~tactically~*~*~ (hiding).
 12278 | Lair:2   | 12278 ||| Stepping ~*~*~tactically~*~*~ (hiding).
 12285 | Lair:2   | Reached skill level 12 in Armour
 12355 | Lair:2   | 12355 ||| Stepping ~*~*~tactically~*~*~ (stealth).
 12356 | Lair:2   | 12356 ||| Stepping ~*~*~tactically~*~*~ (stealth).
 12367 | Lair:2   | 12367 ||| FLEEEEING.
 12368 | Lair:2   | 12368 ||| FLEEEEING.
 12369 | Lair:2   | 12369 ||| FLEEEEING.
 12370 | Lair:2   | 12370 ||| FLEEEEING.
 12371 | Lair:2   | 12371 ||| FLEEEEING.
 12372 | Lair:2   | 12372 ||| FLEEEEING.
 12373 | Lair:2   | 12373 ||| FLEEEEING.
 12374 | Lair:2   | 12374 ||| FLEEEEING.
 12375 | Lair:2   | 12375 ||| FLEEEEING.
 12376 | Lair:2   | 12376 ||| FLEEEEING.
 12377 | Lair:2   | 12377 ||| FLEEEEING.
 12378 | Lair:2   | 12378 ||| FLEEEEING.
 12379 | Lair:2   | 12379 ||| FLEEEEING.
 12380 | Lair:2   | 12380 ||| FLEEEEING.
 12381 | Lair:2   | 12381 ||| FLEEEEING.
 12382 | Lair:2   | 12382 ||| FLEEEEING.
 12383 | Lair:2   | 12383 ||| FLEEEEING.
 12384 | Lair:2   | 12384 ||| FLEEEEING.
 12385 | Lair:2   | 12385 ||| FLEEEEING.
 12386 | Lair:2   | 12386 ||| FLEEEEING.
 12387 | Lair:2   | 12387 ||| FLEEEEING.
 12388 | Lair:2   | 12388 ||| FLEEEEING.
 12389 | Lair:2   | 12389 ||| FLEEEEING.
 12390 | Lair:2   | 12390 ||| FLEEEEING.
 12391 | Lair:2   | 12391 ||| FLEEEEING.
 12392 | Lair:2   | 12392 ||| FLEEEEING.
 12396 | Lair:2   | Reached skill level 3 in Throwing
 12585 | Lair:2   | 12585 ||| Stepping ~*~*~tactically~*~*~ (stealth).
 12590 | Lair:2   | 12590 ||| Stepping ~*~*~tactically~*~*~ (stealth).
 12592 | Lair:2   | 12592 ||| INVOKING Berserk.
 12616 | Lair:2   | Noticed a five-headed hydra
 12617 | Lair:2   | 12617 ||| Stepping ~*~*~tactically~*~*~ (stealth).
 12632 | Lair:2   | 12632 ||| INVOKING Brothers in Arms.
 12634 | Lair:2   | 12634 ||| INVOKING Brothers in Arms.
 12635 | Lair:2   | 12635 ||| INVOKING Brothers in Arms.
 12636 | Lair:2   | 12636 ||| INVOKING Brothers in Arms.
 12637 | Lair:2   | 12637 ||| SWAPPING to +0 demon whip of venom.
 12638 | Lair:2   | 12638 ||| INVOKING Berserk.
 12639 | Lair:2   | Killed a five-headed hydra
 12648 | Lair:2   | 12648 ||| SWAPPING to +1 spectral war axe.
 12790 | Lair:2   | 12790 ||| READING scroll of enchant weapon.
 12790 | Lair:2   | 12790 ||| ENCHANTING +1 spectral war axe.
 12804 | Lair:2   | 12804 ||| INVOKING Berserk.
 12807 | Lair:2   | Reached skill level 14 in Fighting
 13255 | Lair:2   | 13255 ||| UPGRADING to amulet of reflection.
 13265 | Lair:2   | 13265 ||| DROPPING amulet of guardian spirit.
 13302 | Lair:3   | 13302 ||| INVOKING Berserk.
 13463 | Lair:3   | 13463 ||| INVOKING Berserk.
 13645 | Lair:3   | 13645 ||| Stepping ~*~*~tactically~*~*~ (stealth).
 13646 | Lair:3   | Noticed Prince Ribbit
 13650 | Lair:3   | 13650 ||| Stepping ~*~*~tactically~*~*~ (stealth).
 13651 | Lair:3   | 13651 ||| INVOKING Berserk.
 13654 | Lair:3   | Killed Prince Ribbit
 13721 | Lair:3   | 13721 ||| INVOKING Berserk.
 13723 | Lair:3   | Reached skill level 15 in Fighting
 13865 | Lair:3   | Found a hole to the Spider Nest.
 13879 | Lair:3   | 13879 ||| Stepping ~*~*~tactically~*~*~ (stealth).
 13880 | Lair:3   | 13880 ||| Stepping ~*~*~tactically~*~*~ (stealth).
 13881 | Lair:3   | 13881 ||| Stepping ~*~*~tactically~*~*~ (stealth).
 13907 | Lair:3   | Noticed a death yak
 13912 | Lair:3   | 13912 ||| INVOKING Berserk.
 13912 | Lair:3   | Noticed a death yak
 13915 | Lair:3   | Killed a death yak
 13916 | Lair:3   | Reached skill level 6 in Dodging
 13917 | Lair:3   | Noticed a death yak
 13922 | Lair:3   | Killed a death yak
 13938 | Lair:3   | Killed a death yak
 13940 | Lair:3   | Reached XP level 13. HP: 90/126 MP: 12/12
 14128 | Lair:3   | 14128 ||| INVOKING Berserk.
 14184 | Lair:3   | Noticed Sonja
 14185 | Lair:3   | 14185 ||| INVOKING Brothers in Arms.
 14186 | Lair:3   | 14186 ||| INVOKING Brothers in Arms.
 14187 | Lair:3   | 14187 ||| INVOKING Brothers in Arms.
 14188 | Lair:3   | 14188 ||| INVOKING Brothers in Arms.
 14190 | Lair:3   | 14190 ||| FLEEEEING.
 14191 | Lair:3   | 14191 ||| INVOKING Brothers in Arms.
 14192 | Lair:3   | 14192 ||| INVOKING Brothers in Arms.
 14193 | Lair:3   | 14193 ||| SWAPPING to +0 demon whip of venom.
 14194 | Lair:3   | 14194 ||| INVOKING Berserk.
 14208 | Lair:3   | Killed Sonja
 14409 | Lair:3   | 14409 ||| SWAPPING to +2 spectral war axe.
 14924 | Lair:3   | 14924 ||| DROPPING ring of resist corrosion.
 14925 | Lair:3   | 14925 ||| READING 2 scrolls of identify.
 14925 | Lair:3   | 14925 ||| IDENTIFYING white potion
 15030 | Lair:4   | 15030 ||| Stepping ~*~*~tactically~*~*~ (stealth).
 15034 | Lair:4   | 15034 ||| INVOKING Berserk.
 15219 | Lair:4   | 15219 ||| INVOKING Berserk.
 15526 | Lair:4   | Found a viscous altar of Jiyva.
 15526 | Lair:4   | Found a staircase to the Slime Pits.
 15834 | Lair:5   | Entered Level 5 of the Lair of Beasts
 15917 | Lair:5   | 15917 ||| Stepping ~*~*~tactically~*~*~ (stealth).
 15918 | Lair:5   | 15918 ||| Stepping ~*~*~tactically~*~*~ (stealth).
 15926 | Lair:5   | Reached skill level 16 in Fighting
 15926 | Lair:5   | 15926 ||| INVOKING Berserk.
 15942 | Lair:5   | 15942 ||| Stepping ~*~*~tactically~*~*~ (cloud).
 15943 | Lair:5   | 15943 ||| Stepping ~*~*~tactically~*~*~ (cloud).
 16027 | Lair:5   | 16027 ||| FLEEEEING.
 16028 | Lair:5   | 16028 ||| FLEEEEING.
 16029 | Lair:5   | 16029 ||| INVOKING Berserk.
 16044 | Lair:5   | 16044 ||| Stepping ~*~*~tactically~*~*~ (stealth).
 16075 | Lair:5   | 16075 ||| FLEEEEING.
 16076 | Lair:5   | 16076 ||| FLEEEEING.
 16077 | Lair:5   | 16077 ||| FLEEEEING.
 16080 | Lair:5   | 16080 ||| FLEEEEING.
 16081 | Lair:5   | 16081 ||| STAIRDANCE
 16223 | Lair:5   | 16223 ||| INVOKING Berserk.
 16296 | Lair:5   | 16296 ||| Stepping ~*~*~tactically~*~*~ (stealth).
 16304 | Lair:5   | 16304 ||| INVOKING Berserk.
 16497 | Lair:5   | 16497 ||| INVOKING Berserk.
 16515 | Lair:5   | Reached skill level 17 in Fighting
 16555 | Lair:5   | 16555 ||| FLEEEEING.
 16569 | Lair:5   | 16569 ||| Stepping ~*~*~tactically~*~*~ (stealth).
 16570 | Lair:5   | 16570 ||| Stepping ~*~*~tactically~*~*~ (stealth).
 16578 | Lair:5   | 16578 ||| Stepping ~*~*~tactically~*~*~ (stealth).
 16710 | Lair:5   | 16710 ||| Stepping ~*~*~tactically~*~*~ (water).
 16717 | Lair:5   | 16717 ||| Stepping ~*~*~tactically~*~*~ (water).
 16718 | Lair:5   | 16718 ||| INVOKING Berserk.
 16736 | Lair:5   | 16736 ||| Stepping ~*~*~tactically~*~*~ (cloud).
 16738 | Lair:5   | 16738 ||| Stepping ~*~*~tactically~*~*~ (cloud).
 16751 | Lair:5   | HP: 32/132 [yak (3)]
 16753 | Lair:5   | 16753 ||| READING 5 scrolls of teleportation.
 16754 | Lair:5   | 16754 ||| DRINKING 2 potions of heal wounds.
 16755 | Lair:5   | 16755 ||| DRINKING potion of heal wounds.
 16756 | Lair:5   | 16756 ||| INVOKING Berserk.
 17020 | Lair:5   | Reached skill level 15 in Armour
 17022 | Lair:5   | 17022 ||| INVOKING Brothers in Arms.
 17023 | Lair:5   | 17023 ||| Stepping ~*~*~tactically~*~*~ (stealth).
 17025 | Lair:5   | 17025 ||| Stepping ~*~*~tactically~*~*~ (stealth).
 17027 | Lair:5   | 17027 ||| INVOKING Brothers in Arms.
 17028 | Lair:5   | 17028 ||| SWAPPING to +0 demon whip of venom.
 17029 | Lair:5   | 17029 ||| INVOKING Berserk.
 17057 | Lair:5   | 17057 ||| SWAPPING to +2 spectral war axe.
 17084 | Lair:5   | 17084 ||| Stepping ~*~*~tactically~*~*~ (stealth).
 17090 | Lair:5   | 17090 ||| INVOKING Brothers in Arms.
 17091 | Lair:5   | 17091 ||| INVOKING Brothers in Arms.
 17092 | Lair:5   | 17092 ||| INVOKING Brothers in Arms.
 17093 | Lair:5   | 17093 ||| INVOKING Brothers in Arms.
 17094 | Lair:5   | 17094 ||| SWAPPING to +0 demon whip of venom.
 17095 | Lair:5   | 17095 ||| INVOKING Berserk.
 17119 | Lair:5   | 17119 ||| SWAPPING to +2 spectral war axe.
 17168 | Lair:5   | 17168 ||| FLEEEEING.
 17169 | Lair:5   | 17169 ||| FLEEEEING.
 17170 | Lair:5   | 17170 ||| FLEEEEING.
 17173 | Lair:5   | 17173 ||| FLEEEEING.
 17174 | Lair:5   | 17174 ||| FLEEEEING.
 17175 | Lair:5   | 17175 ||| FLEEEEING.
 17176 | Lair:5   | 17176 ||| FLEEEEING.
 17177 | Lair:5   | 17177 ||| FLEEEEING.
 17178 | Lair:5   | 17178 ||| FLEEEEING.
 17180 | Lair:5   | 17180 ||| FLEEEEING.
 17181 | Lair:5   | 17181 ||| FLEEEEING.
 17182 | Lair:5   | 17182 ||| FLEEEEING.
 17183 | Lair:5   | 17183 ||| FLEEEEING.
 17184 | Lair:5   | 17184 ||| FLEEEEING.
 17185 | Lair:5   | 17185 ||| FLEEEEING.
 17186 | Lair:5   | 17186 ||| FLEEEEING.
 17187 | Lair:5   | 17187 ||| FLEEEEING.
 17188 | Lair:5   | 17188 ||| FLEEEEING.
 17189 | Lair:5   | 17189 ||| STAIRDANCE
 17296 | Lair:5   | 17296 ||| STAIRDANCE
 17485 | Lair:5   | 17485 ||| Stepping ~*~*~tactically~*~*~ (cloud).
 17486 | Lair:5   | 17486 ||| Stepping ~*~*~tactically~*~*~ (cloud).
 17488 | Lair:5   | 17488 ||| Stepping ~*~*~tactically~*~*~ (cloud).
 17489 | Lair:5   | 17489 ||| Stepping ~*~*~tactically~*~*~ (cloud).
 17490 | Lair:5   | 17490 ||| INVOKING Berserk.
 17556 | Lair:5   | 17556 ||| Stepping ~*~*~tactically~*~*~ (water).
 17698 | Lair:5   | Identified the +7 glaive of Dungios {flame, Drain Str+3
                  | Int+3}
 17705 | Lair:5   | 17705 ||| INVOKING Berserk.
 17712 | Lair:5   | 17712 ||| Stepping ~*~*~tactically~*~*~ (water).
 17949 | Lair:5   | 17949 ||| INVOKING Berserk.
 17951 | Lair:5   | Reached XP level 14. HP: 141/141 MP: 13/13
 18248 | Lair:5   | 18248 ||| Stepping ~*~*~tactically~*~*~ (stealth).
 18264 | Lair:5   | Reached skill level 18 in Fighting
 18491 | Lair:5   | 18491 ||| PLANNING D:1-11
 18590 | D:11     | Found a burning altar of Makhleb.
 18603 | D:11     | 18603 ||| Stepping ~*~*~tactically~*~*~ (stealth).
 18605 | D:11     | 18605 ||| Stepping ~*~*~tactically~*~*~ (hiding).
 18607 | D:11     | 18607 ||| Stepping ~*~*~tactically~*~*~ (hiding).
 18608 | D:11     | 18608 ||| Stepping ~*~*~tactically~*~*~ (hiding).
 18624 | D:11     | 18624 ||| Stepping ~*~*~tactically~*~*~ (hiding).
 18672 | D:11     | Found a staircase to the Orcish Mines.
 18744 | D:11     | Found Icekhuol's Jewellery Shop.
 18760 | D:11     | 18760 ||| BUYING +4 ring of evasion (396 gold).
 18760 | D:11     | Bought a +4 ring of evasion for 396 gold pieces
 18760 | D:11     | 18760 ||| BUYING ring of protection from fire (275 gold).
 18760 | D:11     | Bought a ring of protection from fire for 275 gold pieces
 18961 | D:11     | Found a transporter.
 18965 | D:11     | Noticed Xaxieg's ghost (journeyman GnSk)
 18966 | D:11     | Found a transporter.
 19471 | D:11     | 19471 ||| PLANNING D
 19471 | D:11     | 19471 ||| DROPPING +1 hat of stealth.
 19472 | D:11     | 19472 ||| UPGRADING to +0 tower shield.
 19477 | D:11     | 19477 ||| DROPPING ring of ice.
 19478 | D:11     | 19478 ||| DROPPING +6 ring of dexterity.
 19479 | D:11     | 19479 ||| READING scroll labelled UCRUEX ROQOSE.
 19580 | D:11     | 19580 ||| READING 3 scrolls of identify.
 19580 | D:11     | 19580 ||| IDENTIFYING purple potion
 19581 | D:11     | 19581 ||| DROPPING potion of brilliance.
 19639 | D:12     | Found Zinlics's Weapon Shoppe.
 19645 | D:12     | 19645 ||| BUYING +4 vorpal broad axe (420 gold).
 19645 | D:12     | Bought a +4 vorpal broad axe for 420 gold pieces
 19645 | D:12     | 19645 ||| SHOPLISTING +7 broad axe "Ultimatum" {spect,
                  | *Corrode rF+ rN++ Dex+3} (1053 gold, have 200).
 19645 | D:12     | 19645 ||| SWAPPING to +4 vorpal broad axe.
 19646 | D:12     | 19646 ||| DROPPING +2 spectral war axe.
 19647 | D:12     | 19647 ||| READING scroll of brand weapon.
 19647 | D:12     | 19647 ||| BRANDING +4 vorpal broad axe.
 19657 | D:12     | 19657 ||| FLEEEEING.
 19671 | D:12     | Reached skill level 1 in Shields
 19671 | D:12     | 19671 ||| FLEEEEING.
 19672 | D:12     | 19672 ||| FLEEEEING.
 19673 | D:12     | 19673 ||| FLEEEEING.
 19674 | D:12     | 19674 ||| FLEEEEING.
 19675 | D:12     | 19675 ||| FLEEEEING.
 19678 | D:12     | 19678 ||| FLEEEEING.
 19679 | D:12     | 19679 ||| FLEEEEING.
 19680 | D:12     | 19680 ||| FLEEEEING.
 19689 | D:12     | 19689 ||| STAIRDANCE
 19846 | D:12     | 19846 ||| STAIRDANCE
 19918 | D:12     | 19918 ||| Stepping ~*~*~tactically~*~*~ (stealth).
 19920 | D:12     | 19920 ||| Stepping ~*~*~tactically~*~*~ (hiding).
 19921 | D:12     | 19921 ||| Stepping ~*~*~tactically~*~*~ (hiding).
 19927 | D:12     | 19927 ||| Stepping ~*~*~tactically~*~*~ (hiding).
 19941 | D:12     | Reached skill level 3 in Shields
 19990 | D:12     | 19990 ||| READING scroll of enchant armour.
 19990 | D:12     | 19990 ||| ENCHANTING +1 hat of willpower.
 20013 | D:12     | 20013 ||| Stepping ~*~*~tactically~*~*~ (stealth).
 20143 | D:12     | Found a radiant altar of Vehumet.
 20264 | D:12     | Noticed Urug
 20265 | D:12     | 20265 ||| INVOKING Berserk.
 20273 | D:12     | Killed Urug
 20411 | D:12     | 20411 ||| DROPPING +0 demon whip of venom.
 20430 | D:12     | Found Vuocupsa's Antique Armour Shoppe.
 20440 | D:12     | 20440 ||| BUYING glowing hat (154 gold).
 20440 | D:12     | Bought a glowing hat for 154 gold pieces
 20440 | D:12     | 20440 ||| SHOPLISTING glowing plate armour (572 gold, have
                  | 46).
 20523 | D:12     | Reached skill level 6 in Shields
 20554 | D:12     | Found Alewn's Weapon Shop.
 20684 | D:12     | 20684 ||| INVOKING Berserk.
 20823 | D:12     | Found Ziotue's Weapon Shoppe.
 21009 | D:12     | 21009 ||| DROPPING +1 hat.
 21081 | D:13     | 21081 ||| INVOKING Brothers in Arms.
 21083 | D:13     | 21083 ||| SWAPPING to +2 eveningstar of draining.
 21085 | D:13     | 21085 ||| INVOKING Berserk.
 21103 | D:13     | 21103 ||| SWAPPING to +4 broad axe of draining.
 21316 | D:13     | 21316 ||| Stepping ~*~*~tactically~*~*~ (hiding).
 21552 | D:13     | 21552 ||| Stepping ~*~*~tactically~*~*~ (hiding).
 21579 | D:13     | 21579 ||| SWAPPING to +2 eveningstar of draining.
 21581 | D:13     | 21581 ||| INVOKING Berserk.
 21598 | D:13     | 21598 ||| SWAPPING to +4 broad axe of draining.
 21822 | D:13     | 21822 ||| INVOKING Berserk.
 21971 | D:13     | 21971 ||| Stepping ~*~*~tactically~*~*~ (stealth).
 21972 | D:13     | 21972 ||| Stepping ~*~*~tactically~*~*~ (stealth).
 21975 | D:13     | 21975 ||| Stepping ~*~*~tactically~*~*~ (hiding).
 21988 | D:13     | Reached skill level 9 in Shields
 22090 | D:13     | 22090 ||| Stepping ~*~*~tactically~*~*~ (hiding).
 22092 | D:13     | 22092 ||| Stepping ~*~*~tactically~*~*~ (hiding).
 22174 | D:13     | 22174 ||| Stepping ~*~*~tactically~*~*~ (hiding).
 22175 | D:13     | 22175 ||| Stepping ~*~*~tactically~*~*~ (hiding).
 22189 | D:13     | 22189 ||| INVOKING Berserk.
 22189 | D:13     | HP: 36/214 [deep elf knight/shard of ice (39)]
 22199 | D:13     | 22199 ||| DRINKING 2 potions of heal wounds.
 22613 | D:13     | Found a gate to the Vaults.
 22761 | D:13     | 22761 ||| READING scroll labelled ATHRIU DAVVO.
 22971 | D:13     | 22971 ||| READING 2 scrolls of identify.
 22971 | D:13     | 22971 ||| IDENTIFYING fuming dark potion
 22972 | D:13     | 22972 ||| DROPPING potion of ambrosia.
 23198 | D:14     | 23198 ||| INVOKING Brothers in Arms.
 23199 | D:14     | 23199 ||| INVOKING Brothers in Arms.
 23200 | D:14     | 23200 ||| INVOKING Brothers in Arms.
 23201 | D:14     | 23201 ||| INVOKING Brothers in Arms.
 23202 | D:14     | 23202 ||| SWAPPING to +2 eveningstar of draining.
 23203 | D:14     | 23203 ||| INVOKING Berserk.
 23220 | D:14     | 23220 ||| SWAPPING to +4 broad axe of draining.
 23223 | D:14     | Reached skill level 12 in Shields
 23439 | D:14     | 23439 ||| Stepping ~*~*~tactically~*~*~ (hiding).
 23441 | D:14     | 23441 ||| Stepping ~*~*~tactically~*~*~ (hiding).
 23444 | D:14     | 23444 ||| INVOKING Trog's Hand.
 23574 | D:14     | 23574 ||| READING scroll of enchant weapon.
 23574 | D:14     | 23574 ||| ENCHANTING +4 broad axe of draining.
 23619 | D:14     | Found the +7 great mace "Undeadhunter" {disrupt, rN+}
 23853 | D:14     | Reached XP level 15. HP: 111/149 MP: 14/14
 24203 | D:14     | 24203 ||| DROPPING amulet of regeneration.
 24225 | D:15     | Entered Level 15 of the Dungeon
 24252 | D:15     | 24252 ||| SWAPPING to +2 eveningstar of draining.
 24254 | D:15     | 24254 ||| INVOKING Berserk.
 24302 | D:15     | 24302 ||| SWAPPING to +5 broad axe of draining.
 24560 | D:15     | 24560 ||| Stepping ~*~*~tactically~*~*~ (stealth).
 24564 | D:15     | 24564 ||| Stepping ~*~*~tactically~*~*~ (stealth).
 24609 | D:15     | 24609 ||| INVOKING Trog's Hand.
 24612 | D:15     | 24612 ||| INVOKING Berserk.
 24777 | D:15     | 24777 ||| INVOKING Trog's Hand.
 24778 | D:15     | Found Ryutatir's Antique Weapon Emporium.
 24781 | D:15     | 24781 ||| INVOKING Berserk.
 24913 | D:15     | 24913 ||| INVOKING Trog's Hand.
 24915 | D:15     | 24915 ||| INVOKING Berserk.
 25067 | D:15     | Identified the +9 short sword of Byngus {flame, rC+ MP+9}
 25118 | D:15     | Found Muemn's Jewellery Boutique.
 25138 | D:15     | 25138 ||| BUYING ring of fire (350 gold).
 25138 | D:15     | Bought a ring of fire for 350 gold pieces
 25138 | D:15     | 25138 ||| SHOPLISTING ring of poison resistance (280 gold,
                  | have 149).
 25138 | D:15     | 25138 ||| SHOPLISTING ring of protection from fire (350
                  | gold, have 149).
 25266 | D:15     | Found Naguozel's Jewellery Shoppe.
 25356 | D:15     | Found a staircase to the Depths.
 25358 | D:15     | 25358 ||| INVOKING Berserk.
 25662 | D:15     | 25662 ||| PLANNING ORC
 25662 | D:15     | 25662 ||| READING 2 scrolls of identify.
 25662 | D:15     | 25662 ||| IDENTIFYING fuming clear potion
 25663 | D:15     | 25663 ||| DROPPING potion of lignification.
 25805 | Orc:1    | Entered Level 1 of the Orcish Mines
 25806 | Orc:1    | 25806 ||| Stepping ~*~*~tactically~*~*~ (hiding).
 25814 | Orc:1    | 25814 ||| Stepping ~*~*~tactically~*~*~ (hiding).
 25819 | Orc:1    | 25819 ||| INVOKING Berserk.
 25830 | Orc:1    | Noticed an orc warlord
 25842 | Orc:1    | Noticed an orc warlord
 25852 | Orc:1    | Killed an orc warlord
 25857 | Orc:1    | Found Iimynas's Incredible Inventory.
 25865 | Orc:1    | Killed an orc warlord
 25865 | Orc:1    | HP: 31/149 [orc warrior/+0 glaive[an orc warlord] (9)]
 25866 | Orc:1    | 25866 ||| READING 11 scrolls of teleportation.
 25867 | Orc:1    | 25867 ||| DRINKING potion of heal wounds.
 25870 | Orc:1    | 25870 ||| READING 10 scrolls of teleportation.
 25870 | Orc:1    | HP: 24/149 [orc priest/divine providence (12)]
 25898 | Orc:1    | 25898 ||| READING 9 scrolls of teleportation.
 25901 | Orc:1    | 25901 ||| READING 8 scrolls of teleportation.
 25903 | Orc:1    | 25903 ||| INVOKING Berserk.
 25903 | Orc:1    | Noticed Harold
 25906 | Orc:1    | HP: 47/223 [orc priest/divine providence[an orc knight]
                  | (10)]
 25910 | Orc:1    | HP: 21/223 [orc warrior/+0 war axe[an orc knight] (13)]
 25917 | Orc:1    | Killed Harold
 26322 | Orc:1    | 26322 ||| INVOKING Trog's Hand.
 26325 | Orc:1    | 26325 ||| INVOKING Berserk.
 26590 | Orc:2    | Entered Level 2 of the Orcish Mines
 26761 | Orc:2    | 26761 ||| STAIRDANCE
 26775 | Orc:2    | 26775 ||| STAIRDANCE
 26819 | Orc:2    | 26819 ||| STAIRDANCE
 26823 | Orc:2    | 26823 ||| STAIRDANCE
 26829 | Orc:2    | 26829 ||| STAIRDANCE
 26838 | Orc:2    | 26838 ||| STAIRDANCE
 26848 | Orc:2    | 26848 ||| STAIRDANCE
 34782 | Orc:1    | Glimpsed the power of Zot.
 35182 | Orc:1    | Glimpsed the power of Zot.
 35502 | Orc:1    | Glimpsed the power of Zot.
 35582 | Orc:1    | Touched by the power of Zot.
 35583 | Orc:1    | Glimpsed the power of Zot.
 35983 | Orc:1    | Glimpsed the power of Zot.
 36303 | Orc:1    | Glimpsed the power of Zot.
 36382 | Orc:1    | Touched by the power of Zot.
 36383 | Orc:1    | Glimpsed the power of Zot.
 36783 | Orc:1    | Glimpsed the power of Zot.
 37103 | Orc:1    | Glimpsed the power of Zot.
 37182 | Orc:1    | Touched by the power of Zot.
 37183 | Orc:1    | Glimpsed the power of Zot.
 37583 | Orc:1    | Glimpsed the power of Zot.
 37903 | Orc:1    | Glimpsed the power of Zot.
 37982 | Orc:1    | Tarried too long and was consumed by Zot

Levels and vault maps discovered:
D:1:      ldierk_walled_garden_2, layout_rooms, serial_shops, shop_coins,
          shapermc_ecumenical_altar_notcrosses, minmay_quantized
D:2:      layout_basic
D:3:      layout_basic, nemelex_dance_club_becter, general_overflow_altar,
          minivault_25
D:4:      layout_basic, grunt_temple_overflow_diamond, ebering_ghost_inner_flame
D:5:      layout_basic, minmay_temple_entry_large_hall
D:6:      lemuel_slime, layout_basic, kennysheep_little_box, uniq_maggie
D:7:      layout_basic
D:8:      layout_cave_pools, gammafunk_temple_overflow_pools
D:9:      layout_stronghold, serial_column_ruins, column_ruins_square_medium,
          column_ruins_hut, column_ruins_open_medium, column_ruins_grid_1,
          column_ruins_grid_1, column_ruins_open_tiny, column_ruins_open_tiny,
          column_ruins_corridor_straight, minmay_misc_feat_nine_boxes,
          minmay_misc_feat_square, grunt_ministairs_10, minmay_misc_feat_five
D:10:     layout_roguey, nicolae_qazlal_general_emergency, erik_lair_island,
          minmay_increasing_density, uniq_maurice, uniq_gastronok, uniq_fannar,
          uniq_amaemon
D:11:     layout_stronghold, erik_orc_4, gammafunk_ghost_smash, serial_shops,
          nicolae_square_shop, bloody_makhleb
D:12:     layout_irregular_city, serial_shops, nicolae_square_shop,
          nicolae_shop_trees, nicolae_shop_behind_doors,
          nicolae_shop_bloodbath_and_beyond, vehumet_altar_wand_db, uniq_urug
D:13:     layout_gridville, hangedman_vaults_entry_quadrant_bands
D:14:     layout_long_grid, minmay_misc_feat_secret_circle, minivault_25_ag
D:15:     hangedman_depths_entry_try_elsewhere_first, layout_cave_pods,
          serial_shops, shop_coins, shop, shop, serial_park_fountain,
          minmay_gold_behind_fungi
Lair:1:   layout_hall_layers, ebering_ghost_reflecting_pool, lemuel_fruit_fields
Lair:2:   layout_gridlike, minmay_swamp_entry_swarm, basic_altar
Lair:3:   layout_gridlike, hellmonk_spider_entry_not_the_bees, uniq_sonja,
          uniq_prince_ribbit2
Lair:4:   layout_roguey, slime_entry_1, grunt_megastairs_1
Lair:5:   minmay_lair_end_frog_pond, layout_cave_pods, serial_bayou_shore_b,
          lemuel_fruit_tree
Orc:1:    layout_caves, basic_altar, nicolae_alphabet_shops, uniq_harold
Orc:2:    st_orc_mages, layout_diamond_mine

Skill      XL: |  1  2  3  4  5  6  7  8  9 10 11 12 13 14 15 |
---------------+----------------------------------------------+-----
Axes           | 4 5 7 8 9 10 12 14 16 17 | 17.0
Fighting       | 4 7 8 9 13 15 17 18 | 18.0
Armour         | 4 5 7 8 11 13 15 | 15.8
Dodging        | 3 4 6 7 |  7.0
Throwing       | 1 2 3 4 |  4.1
Shields        | 12 14 | 14.6

Action                   |  1- 3 |  4- 6 |  7- 9 | 10-12 | 13-15 || total
-------------------------+-------+-------+-------+-------+-------++-------
Melee: Hand axe          |   102 |   121 |   234 |    21 |       ||   478
       Headbutt          |    12 |    17 |    45 |    81 |   144 ||   299
       Punch             |     2 |     1 |     3 |     7 |     2 ||    15
       War axe           |       |       |       |   363 |   250 ||   613
       Demon whip        |       |       |       |    28 |    26 ||    54
       Broad axe         |       |       |       |       |   374 ||   374
       Eveningstar       |       |       |       |       |    20 ||    20
Throw: Boomerang         |       |       |       |    80 |   116 ||   196
       Javelin           |       |       |       |       |    55 ||    55
Invok: Berserk           |       |     1 |     6 |    18 |    31 ||    56
       Brothers in Arms  |       |       |       |     3 |     5 ||     8
       Trog's Hand       |       |       |       |       |     5 ||     5
  Use: Scroll            |     4 |     1 |     4 |    12 |    14 ||    35
       Potion            |       |     3 |     2 |     5 |     4 ||    14
 Stab: Distracted        |       |       |       |     1 |     4 ||     5
       Petrified         |       |       |       |       |     5 ||     5
Armor: Animal skin       |    10 |       |       |       |       ||    10
       Chain mail        |    27 |    46 |    12 |       |       ||    85
       Plate armour      |       |       |    74 |   218 |   366 ||   658
Dodge: Dodged            |    44 |    33 |    65 |   158 |   181 ||   481
Block: Other             |       |       |       |     7 |    48 ||    55
       Tower shield      |       |       |       |       |   427 ||   427
       Reflection        |       |       |       |       |    38 ||    38

Table legend:
 A = Non-vault XP
 B = Vault XP
 C = Vault XP percentage of total XP
 D = Non-vault monster count
 E = Vault monster count
 F = Vault count percentage of total count
                 A         B        C        D         E       F
            +---------+---------+-------+---------+---------+-------
      Total |   93183 |   35335 |  27.5 |     494 |     155 |  23.9
            +---------+---------+-------+---------+---------+-------
        D:1 |      36 |       5 |  12.2 |      23 |       3 |  11.5
        D:2 |      47 |       0 |   0.0 |      19 |       0 |   0.0
        D:3 |      69 |       5 |   6.8 |      19 |       2 |   9.5
        D:4 |     275 |       0 |   0.0 |      16 |       0 |   0.0
        D:5 |     866 |       0 |   0.0 |      19 |       0 |   0.0
        D:6 |    2335 |    1034 |  30.7 |      30 |      21 |  41.2
        D:7 |    1116 |       0 |   0.0 |      18 |       0 |   0.0
        D:8 |     865 |       0 |   0.0 |       9 |       0 |   0.0
        D:9 |    2703 |    1050 |  28.0 |      24 |       2 |   7.7
       D:10 |    2520 |    5927 |  70.2 |      22 |      23 |  51.1
       D:11 |    3199 |     732 |  18.6 |       7 |      16 |  69.6
       D:12 |    8489 |     799 |   8.6 |      25 |       2 |   7.4
       D:13 |    6507 |    7050 |  52.0 |      15 |      17 |  53.1
       D:14 |   10253 |       0 |   0.0 |      26 |       0 |   0.0
       D:15 |   11399 |    2150 |  15.9 |      27 |       4 |  12.9
     Lair:1 |    3196 |       0 |   0.0 |      14 |       0 |   0.0
     Lair:2 |    6796 |    1065 |  13.5 |      27 |       6 |  18.2
     Lair:3 |    9258 |    2597 |  21.9 |      29 |      13 |  31.0
     Lair:4 |     898 |    1660 |  64.9 |       4 |       7 |  63.6
     Lair:5 |   12213 |   10401 |  46.0 |      36 |      38 |  51.4
      Orc:1 |    9071 |     860 |   8.7 |      70 |       1 |   1.4
      Orc:2 |    1072 |       0 |   0.0 |      15 |       0 |   0.0
            +---------+---------+-------+---------+---------+-------
